Workbook
Name ____TLL3: #REF!
Name ____TP1: #REF!
Name ___CON2200: #REF!
Name ___CON2500: #REF!
Name ___CON3000: #REF!
Name ___con3500: #REF!
Name ___MOR14: #REF!
Name ___MOR15: #REF!
Name ___MOR16: #REF!
Name ___Rc: #REF!
Name ___REF40: #REF!
Name ___REF60: #REF!
Name ___TLL3: #REF!
Name ___TP1: #REF!
Name __CON1500: #REF!
Name __CON2200: #REF!
Name __CON2500: #REF!
Name __CON3000: #REF!
Name __con3500: #REF!
Name __MOR14: #REF!
Name __MOR15: #REF!
Name __MOR16: #REF!
Name __Rc: #REF!
Name __REF40: #REF!
Name __REF60: #REF!
Name __TLL3: #REF!
Name __TP1: #REF!
Name _01: #REF!
Name _01_11: #REF!
Name _CON1500: #REF!
Name _CON2200: #REF!
Name _CON2500: #REF!
Name _CON3000: #REF!
Name _con3500: #REF!
Name _MOR14: #REF!
Name _MOR15: #REF!
Name _MOR16: #REF!
Name _Rc: #REF!
Name _REF40: #REF!
Name _REF60: #REF!
Name _TLL3: #REF!
Name _Toc125968806_3: #REF!
Name _TP1: #REF!
Name A: #REF!
Name A_impresión_IM: #REF!
Name AA: #REF!
Name AA_11: #REF!
Name AAA: #REF!
Name Ab: #REF!
Name Ac: #REF!
Name Accsesorios_gabinete: #REF!
Name Accsesorios_gabinete_11: #REF!
Name ACEITE: #REF!
Name ACERO: #REF!
Name ACERO_11: #REF!
Name Acero_de_40_000_psi: #REF!
Name Acero_de_40_000_psi_11: #REF!
Name Acero_de_60_000_psi: #REF!
Name Acero_de_60_000_psi_11: #REF!
Name ACERO2: #REF!

Sheet CAPACIDAD JURÍDICA
A1: CONCURSO DE MÉRITOS ABIERTO 012-2024 | B1: INTERVENTORIA TECNICA, ADMINISTRATIVA, FINANCIERA, LEGAL Y AMBIENTAL DEL PROYECTO “RECUPERACIÓN ECOSISTÉMICA CON ÉNFASIS EN CONECTIVIDAD HIDROLÓGICA DE UN TRAMO DEL CAÑO AGUAS PRIETAS LOCALIZADO ENTRE LA VEREDA EL SALADO DEL CORREGIMIENTO EL SIGLO Y LA VEREDA EL HIGAL DEL CORREGIMIENTO PUNTA YANEZ, DEL MUNICIPIO DE CIÉNAGA DE ORO, DEPARTAMENTO DE CÓRDOBA”
A2: VERIFICACION DE DOCUMENTOS HABILITANTES DE TIPO JURIDICO | B2: PROPONENTE: CONINARQ SAS
B3: CONINARQ SAS (100%)
A4: 5.1.1. CARTA DE PRESENTACIÓN DE LA PROPUESTA (FORMULARIO No. 1)
A5: 5.1.2. COPIA DE LA CÉDULA DE CIUDADANÍA DEL PROPONENTE
A6: 5.1.3. CERTIFICADO DE CONSTITUCIÓN, EXISTENCIA Y REPRESENTACIÓN LEGAL DE PERSONAS JURÍDICAS
A7: 5.1.4. DOCUMENTO QUE ACREDITE LA CONFORMACIÓN DE CONSORCIO O UNIONES TEMPORALES. (FORMULARIO No. A2 Y A3)
A8: 5.1.5. ACREDITACIÓN DE DOCUMENTOS DE PERSONAS JURÍDICAS EXTRANJERAS
A9: 5.1.6. GARANTÍA DE SERIEDAD DE LA PROPUESTA. Asegurado / Beneficiario: CVS Cuantía: Quince por ciento (15%) del presupuesto oficial. Vigencia: Noventa (90) días calendario, contados a partir de la fecha de cierre del presente proceso de selección. Tomador / Afianzado:Cuando la propuesta se presente en consorcio o unión temporal, la garantía deberá tomarse a nombre de sus integrantes.
A10: 5.1.7. REGISTRO ÚNICO DE PROPONENTES
A11: 5.1.8. CERTIFICACIÓN DE CUMPLIMIENTO DE OBLIGACIONES CON LOS SISTEMAS GENERALES DE SEGURIDAD SOCIAL Y APORTES PARAFISCALES. (FORMULAR No. 4)
A12: 5.1.9 CERTICACADO VIGENTE DE ANTECEDENTES DISCIPLINARIOS.
A13: 5.1.10 CERTIFICADO VIGENTE DE ANTECEDENTES FISCALES.
A14: 5.1.11. CERTIFICADO DE ANTECEDENTES JUDICIALES
A15: 5.1.12. CERTIFICADO DE MEDIDAS CORRECTIVAS DE LA POLICÍA NACIONAL
... A19: VERIFICACIÓN

Sheet Experiencia Hab. Prop FA-6
C2: ='CAPACIDAD JURÍDICA'!$A$1 -> CONCURSO DE MÉRITOS ABIERTO 012-2024 | I2: PRESUPUESTO OFICIAL: | J2: 509424715 | K2: =J2/1300000 -> 391.86517 | L2: SMMLV
C3: CORPORACIÓN AUTONOMA REGIONAL DE LOS VALLES DEL SINÚ Y DEL SAN JORGE CVS | E3: ='CAPACIDAD JURÍDICA'!B1 -> INTERVENTORIA TECNICA, ADMINISTRATIVA, FINANCIERA, LEGAL Y AMBIENTAL DEL PROYECTO “RECUPERACIÓN ECOSISTÉMICA CON ÉNFASIS EN CONECTIVIDAD HIDROLÓGICA DE UN TRAMO DEL CAÑO AGUAS PRIETAS LOCALIZADO ENTRE LA VEREDA EL SALADO DEL CORREGIMIENTO EL SIGLO Y LA VEREDA EL HIGAL DEL CORREGIMIENTO PUNTA YANEZ, DEL MUNICIPIO DE CIÉNAGA DE ORO, DEPARTAMENTO DE CÓRDOBA”
C4: ='CAPACIDAD JURÍDICA'!B2 -> PROPONENTE: CONINARQ SAS
C5: EXPERIENCIA DEL PROPONENTE
A6: Contrato No (máximo tres (3) contratos) | B6: Contratante | C6: Objeto: Interventoría a proyectos de obras para el control de erosión y/o inundaciones y/o estabilización de cauces de agua. Nota: Para los efectos de este proceso se entienden por obras de estabilización de cauces de agua, todas aquellas obras realizadas en lagos, lagunas, ríos, arroyos, caños y canales para proteger sus orillas, taludes y/o rehabilitar y/u optimizar la sección hidráulica de su cauce con el fin de evitar inundaciones. Entiéndase por cauce de agua, el confín físico normal de un flujo de agua. | D6: Contratista | E6: Fecha de terminación | F6: Valor total contrato | G6: Contratista (Individual, Consorcio o UT) | H6: Porcentaje de participación | I6: Valor en pesos de acuerdo al porcentaje de participacion en el contrato que se acredita como experiencia | J6: El valor sumado de los contratos expresados en SMMLV a la fecha de su terminación, deberá ser igual o superior a 100% P.Of. (391,9 SMMLV) | K6: Los contratos que se presenten para la verificación de la experiencia acreditada, deben estar clasificados en el RUP, en dos de los siguientes códigos: 701717 - 701718 - 801016 - 811015 | L6: Los contratos aportados deben comprender dentro de sus actividades, de manera conjunta o individualmente, las siguientes actividades: - Optimización de sección hidráulica de canales en tierra, incluye excavación en material común y rectificación de taludes y/o Dragado mecánico y/o remoción de sedimentos con explanación y/o perfilado de taludes: 228.449 m3 - Conformación de diques y dentellones a máquina con material seleccionado de la excavación y/o conformación y/o construcción de jarillones y/o conformación de Diques o terraplenes con material proveniente del dragado que incluyan la compactación: 15.005 m3 - Revestimiento tipo RIP RAP para protección de taludes y entrada de cauces y/o mejoramiento con piedra rajón y/o piedra ciclópea y/o suministro e instalación de pedraplén y/o enrocado y/o bloques de hormigón y/o escolleras y/o obras de protección de taludes como gaviones o colchagaviones.: 1.478 m3
A7: 056 2022 | B7: CAR CVS | C7: INTERVENTORIA TECNICA, ADMINISTRATIVA, FINANCIERA, LEGAL Y AMBIENTAL DEL PROYECTO "OPTIMIZACION HIDRAULICA Y RECUPERACION AMBIENTAL DEL ARROYO TREMENTINO LOCALIZADO EN LOS MUNICIPIOS DE MONTERIA Y SAN CARLOS, DEPARTAMENTO DE CORDOBA". | D7: CONSORCIO INTERVENTORÍA CANALES 2022 | E7: 45219 | F7: 761585125 | G7: C | H7: 0.5 | I7: =F7*H7 -> 3.8079256e+08 | J7: =I7/1160000 -> 328.26945 | K7: RUP CONINARQ SAS - Consecutivo 61 _ Pag 81. Se encuentran los siguientes codigos: 701717 - 701718 - 801016 - 811015 | L7: * Optimización de la sección:422.790 m3 * Conformación de diques a máquina: 224.967 m3 | M7: CUMPLE
A8: 013 2021 | B8: DEPARTAMENTO DE CÓRDOBA | C8: INTERVENTORIA TECNICA, ADMINISTRATIVA, FINANCIERA, JURIDICA Y AMBIENTAL A LA RECUPERACION AMBIENTAL Y PAISAJISTICA DE LA RIBERA DEL RIO SINÚ, EN EL MUNICIPIO DE VALENCIA, CÓRDOBA | D8: CONSORCIO INTERVENTORES VALENCIA | E8: 45254 | F8: 1242451534 | G8: C | H8: 0.2 | I8: =F8*H8 -> 2.4849031e+08 | J8: =I8/1160000 -> 214.21578 | K8: RUP CONINARQ SAS - Consecutivo 61 _ Pag 84. Se encuentran los siguientes codigos: 701717 - 701718 - 801016 - 811015 | L8: * Suministro e instalación de piedra rajón: 6.070,34 m3 | M8: CUMPLE
A9: TOTALES | J9: CUMPLE | K9: CUMPLE | L9: CUMPLE | M9: CUMPLE

Sheet Cap Finan - Organ
B1: ='CAPACIDAD JURÍDICA'!$A$1 -> CONCURSO DE MÉRITOS ABIERTO 012-2024
B2: ='CAPACIDAD JURÍDICA'!$B$1 -> INTERVENTORIA TECNICA, ADMINISTRATIVA, FINANCIERA, LEGAL Y AMBIENTAL DEL PROYECTO “RECUPERACIÓN ECOSISTÉMICA CON ÉNFASIS EN CONECTIVIDAD HIDROLÓGICA DE UN TRAMO DEL CAÑO AGUAS PRIETAS LOCALIZADO ENTRE LA VEREDA EL SALADO DEL CORREGIMIENTO EL SIGLO Y LA VEREDA EL HIGAL DEL CORREGIMIENTO PUNTA YANEZ, DEL MUNICIPIO DE CIÉNAGA DE ORO, DEPARTAMENTO DE CÓRDOBA”
A4: ='CAPACIDAD JURÍDICA'!$B$2 -> PROPONENTE: CONINARQ SAS | D4: CUMPLE FINANCIERAMENTE - HABILITADA
A5: I N D I C A D O R E S | B5: ='CAPACIDAD JURÍDICA'!B3 -> CONINARQ SAS (100%) | D5: VALORES TOTALES | E5: PARAMETRO | F5: PARAMETRO/INDICADOR | G5: CUMPLE
B6: Información del RUP a 30/05/2023
A7: LIQUIDEZ = AC/PC | B7: =B13/B15 -> 215.00763 | D7: =B7 -> 215.00763 | E7: IGUAL O MAYOR ≥ | F7: 2.1 | G7: =IF(D7>=F7,"CUMPLE","NO CUMPLE") -> CUMPLE
A8: ENDEUDAMIENTO = PT/AT | B8: =B16/B14 -> 0.11956513 | D8: =B8 -> 0.11956513 | E8: IGUAL O MENOR ≤ | F8: 0.5 | G8: =IF(D8<=F8,"CUMPLE","NO CUMPLE") -> CUMPLE
A9: RAZON COBERTURA INTERESES = UO/GI | B9: =B18/B19 -> 64.285714 | D9: =B9 -> 64.285714 | E9: IGUAL O MAYOR ≥ | F9: 2.33 | G9: =IF(D9>=F9,"CUMPLE","NO CUMPLE") -> CUMPLE
A10: RENTABILIDAD SOBRE PATRIMONIO = (UO/P)*100 | B10: =B18/B17 -> 0.52725818 | D10: =B10 -> 0.52725818 | E10: IGUAL O MAYOR ≥ | F10: 0.0333 | G10: =IF(D10>=F10,"CUMPLE","NO CUMPLE") -> CUMPLE
A11: RENTABILIDAD SOBRE ACTIVOS = (UO/AT)*100 | B11: =B18/B14 -> 0.46421648 | D11: =B11 -> 0.46421648 | E11: IGUAL O MAYOR ≥ | F11: 0.0166 | G11: =IF(D11>=F11,"CUMPLE","NO CUMPLE") -> CUMPLE
A13: ACTIVO CORRIENTE | B13: 3358419242
A14: ACTIVO TOTAL | B14: 3978919242
A15: PASIVO CORRIENTE | B15: 15620000
A16: PASIVO TOTAL | B16: 475740000
A17: PATRIMONIO | B17: 3503179242
A18: UTILIDAD / PERDIDA OPERACIONAL | B18: 1847079900
A19: GASTOS DE INTERESES | B19: 28732354

Sheet Experiencia Esp. Prop FA-6
C2: ='CAPACIDAD JURÍDICA'!$A$1 -> CONCURSO DE MÉRITOS ABIERTO 012-2024 | I2: PRESUPUESTO OFICIAL: | J2: ='Experiencia Hab. Prop FA-6'!J2 -> 509424715 | K2: =J2/1300000 -> 391.86517 | L2: SMMLV
C3: CORPORACIÓN AUTONOMA REGIONAL DE LOS VALLES DEL SINÚ Y DEL SAN JORGE CVS | E3: ='CAPACIDAD JURÍDICA'!B1 -> INTERVENTORIA TECNICA, ADMINISTRATIVA, FINANCIERA, LEGAL Y AMBIENTAL DEL PROYECTO “RECUPERACIÓN ECOSISTÉMICA CON ÉNFASIS EN CONECTIVIDAD HIDROLÓGICA DE UN TRAMO DEL CAÑO AGUAS PRIETAS LOCALIZADO ENTRE LA VEREDA EL SALADO DEL CORREGIMIENTO EL SIGLO Y LA VEREDA EL HIGAL DEL CORREGIMIENTO PUNTA YANEZ, DEL MUNICIPIO DE CIÉNAGA DE ORO, DEPARTAMENTO DE CÓRDOBA”
C4: ='CAPACIDAD JURÍDICA'!B2 -> PROPONENTE: CONINARQ SAS
C5: EXPERIENCIA DEL PROPONENTE
A6: Contrato No (máximo tres (3) contratos) | B6: Contratante | C6: Experiencia: Interventoría a proyectos de obras para el control de erosión y/o inundaciones y/o estabilización de cauces de agua. Nota: Para los efectos de este proceso se entienden por obras de estabilización de cauces de agua, todas aquellas obras realizadas en lagos, lagunas, ríos, arroyos, caños y canales para proteger sus orillas, taludes y/o rehabilitar y/u optimizar la sección hidráulica de su cauce con el fin de evitar inundaciones. Entiéndase por cauce de agua, el confín físico normal de un flujo de agua. | D6: Contratista | E6: Fecha de terminación | F6: Valor total contrato | G6: Contratista (Individual, Consorcio o UT) | H6: Porcentaje de participación | I6: Valor en pesos de acuerdo al porcentaje de participacion en el contrato que se acredita como experiencia | J6: SMMLV | K6: ='Experiencia Hab. Prop FA-6'!K6 -> Los contratos que se presenten para la verificación de la experiencia acreditada, deben estar clasificados en el RUP, en dos de los siguientes códigos: 701717 - 701718 - 801016 - 811015 | L6: Observaciones
A7: 201 2005 | B7: CAR CVS | C7: Interventoria tecnica administrativa y financiera para a construccion de obras de proteccion contra la erosion en la margen izquierda del rio Sinu, sector canta rana, municipio de Santa Cruz de Lorica, departamento de Córdoba | D7: CONSORCIO CANTARRANA 2006 | E7: 39423 | F7: 139060800 | G7: C | H7: 0.6 | I7: =F7*H7 -> 83436480 | J7: =320.63*H7 -> 192.378 | K7: RUP CONINARQ SAS - Consecutivo 2 _ Pag 13. Se encuentran los siguientes codigos: 701717 - 701718 - 801016 - 811015 | L7: CUMPLE | M7: Puntaje por número de interventorías ejecutadas.: 199,75 Puntaje por el valor de las interventorías ejecutados: 90,00
A8: 024 2010 | B8: CAR CVS | C8: Interventoria tecnica para las obras de control de inundaciones y erosiones para la prevencion y atencion de desastres en el departamento de Córdoba. | D8: CONSORCIO BRAYCON | E8: 41408 | F8: 1493748254 | G8: C | H8: 0.5 | I8: =F8*H8 -> 746874127 | J8: =2533.92*0.5 -> 1266.96 | K8: RUP CONINARQ SAS - Consecutivo 6 _ Pag 18. Se encuentran los siguientes codigos: 701717 - 701718 - 801016 - 811015 | L8: CUMPLE
A9: 001 2023 | B9: MUNICIPIO DE SAN CARLOS | C9: INTERVENTORIA TECNICA, ADMINISTRATIVA, FINANCIERA CONTABLE Y JURIDICA AL CONTRATO QUE TIENE POR OBJETO “CONSTRUCCIÓN DE OBRA DE DRENAJE TRANSVERSAL SOBRE EL ARROYO LOS LORANOS EN LA VÍA QUE COMUNICA A CIENAGUITA CON PATIO BONITO, ZONA RURAL DEL MUNICIPIO DE SAN CARLOS, CÓRDOBA | D9: CONINARQ SAS | E9: 44676 | F9: 181481480 | G9: I | H9: 1 | I9: =F9*H9 -> 181481480 | J9: 156.44 | K9: RUP CONINARQ SAS - Consecutivo 64 _ Pag 85. Se encuentran los siguientes codigos: 701717 - 701718 - 801016 - 811015 | L9: CUMPLE
A10: TOTALES | J10: =J8+J9+J7 -> 1615.778 | M10: =199.75+90 -> 289.75
A13: CONSIDERACIONES PARA PUNTAJE | C13: DESCRIPCIÓN DEL OBJETO | D13: ESTUDIOS EJECUTADOS | E13: PUNTAJE
C14: En la ejecución de contratos de interventoría a proyectos de obras para el control de erosión y/o inundaciones y/o estabilización de cauces de agua. | D14: Tres (3) contratos | E14: 199.75
D15: Dos (2) contratos | E15: 100
D16: Un (1) contrato | E16: 50
C18: DESCRIPCIÓN DEL OBJETO | D18: VALOR EJECUTADO | E18: PUNTAJE
C19: =C14 -> En la ejecución de contratos de interventoría a proyectos de obras para el control de erosión y/o inundaciones y/o estabilización de cauces de agua. | D19: Igual o mayor a (2) veces el presupuesto oficial | E19: 90
D20: Mayor o igual a una vez y media (1,5) y menor a dos (2) veces el presupuesto oficial | E20: 75
D21: Igual o mayor a una vez (1) y menor a una vez y media (1,5) veces el presupuesto oficial | E21: 50

Sheet Exp. Profes FA-7
C1: ='CAPACIDAD JURÍDICA'!B1 -> INTERVENTORIA TECNICA, ADMINISTRATIVA, FINANCIERA, LEGAL Y AMBIENTAL DEL PROYECTO “RECUPERACIÓN ECOSISTÉMICA CON ÉNFASIS EN CONECTIVIDAD HIDROLÓGICA DE UN TRAMO DEL CAÑO AGUAS PRIETAS LOCALIZADO ENTRE LA VEREDA EL SALADO DEL CORREGIMIENTO EL SIGLO Y LA VEREDA EL HIGAL DEL CORREGIMIENTO PUNTA YANEZ, DEL MUNICIPIO DE CIÉNAGA DE ORO, DEPARTAMENTO DE CÓRDOBA”
A2: ='CAPACIDAD JURÍDICA'!A1 -> CONCURSO DE MÉRITOS ABIERTO 012-2024
A3: ='CAPACIDAD JURÍDICA'!B2 -> PROPONENTE: CONINARQ SAS | C3: CUMPLE | E3: OBSERVACIONES
C4: SI | D4: NO
A5: EXPERIENCIA PROFESIONALES
A6: DIRECTOR DE INTERVENTORÍA | B6: NOMBRE: | E6: RICARDO MORENO GARCIA
B7: Carta de compromiso (30% de dedicación) | C7: X | E7: CUMPLE
B8: Hoja de vida | C8: X | E8: CUMPLE
B9: Poseer título como ingeniero civil | C9: X | E9: Ingeniero Civil de la Universidad Gran Colombia
B10: Matricula profesional | C10: X | E10: MP. No 25202-03401 de fecha 18/02/1981
B11: Certificado de vigencia | C11: X | E11: Aporta certificado de fecha 20/11/2024. No tiene antecedentes disciplinarios ético - profesionales.
B12: Experiencia general no menor de 10 años | C12: X | E12: 43 años
B13: Deberá acreditar título de postgrado a nivel mínimo especialización en Hidráulica y/o Gerencia de proyectos y/o Gerencia para Ingenieros y/o gerencia en construcción y/o gerencia de proyectos de construcción y/o gerencia de obras y/o gerencia integral de obras y/o ingeniería civil con énfasis en recursos hídricos o hidráulicos y/o gerencia y dirección de obra, no menor a tres (3) años, contados a partir de la fecha de cierre. | C13: X | E13: Aporta título como Especialista en Gerencia de Obra, de la Universidad Catolica de Colombia. De fecha 30/03/2007
B14: Experiencia específica: Como director de interventoría en contratos a proyectos de obras para el control de erosión y/o inundaciones y/o estabilización de cauces de agua. | C14: X | E14: 1. Certificado otorgado por Invermohes donde se indica que el profesional prestó sus servicios como Director de Interventoría al proyecto ”IREALIZAR LA INTERVENTORÍA TÉCNICA A LAS OBRAS CONSTRUCCIÓN DE MURO DE CONTENCIÓN EN CONCRETO REFORZADO, EN EL BARRIO BRISAS DEL MUNICIPIO DE PIEDECUESTA – SANTANDER." (%Dedicación: 10%) - Fecha de inicio: 13/12/2010 - Fecha de finalización: 25/03/2011 - CUMPLE 2. Certificado otorgado por lInvermohes donde se indica que el profesional prestó sus servicios como Director de Interventoría al proyecto ”IREALIZAR LA INTERVENTORÍA TÉCNICA A LAS OBRAS CONSTRUCCIÓN MURO DE CONTENCIÓN EN CONCRETO REFORZADO, PARA PROTECCIÓN DE COMUNIDADES EN EL MUNICIPIO DE SAN MIGUEL-SANTANDER." (%Dedicación: N.R.) - Fecha de inicio: 28/03/2011 - Fecha de finalización: 11/06/2011 - CUMPLE 3. Certificado por 2C INGENIEROS SAS donde se indica que el profesional pestó sus servicios como Director de Interventoría al proyecto "IREALIZAR LA INTERVENTORÍA TÉCNICA A LAS OBRAS DE CONSTRUCCIÓN DE MURO DE CONTENCIÓN EN CONCRETO REFORZADO PARA PROTEGER LA MARGEN DERECHA DE RIO GADALAJARA AL PESO POR LA URBANIZACIÓN PORTALES Y TRATAMINETO DE TRASPORTE GUADALAJARA DE BUGA - VALLE DEL CAUCA, CANALIZACION EN CONCRETO Y / TRATAMIENTO DEL TALUD DE LA QUEBRADA SECA - ANSERMA NUEVO - VALLE DEL CAUCA" (%Dedicación: 25%) - Fecha de inicio: 114/12/2010 Fecha de finalización: 11/07/2011- CUMPLE
B16: La Certificación deberá acompañarse del contrato laboral o de prestación de servicios suscrito entre la empresa, entidad o persona que certifica y el profesional propuesto. | C16: X | E16: 1. Aporta contrato entre Invermohes y el profesional. 2. Aporta contrato entre Invermohes y el profesional. 3. Aporta contrato entre 2C INGENIEROS SAS y el profesional.
B18: =A6 -> DIRECTOR DE INTERVENTORÍA | E18: CUMPLE
B19: PUNTAJE POR EXPERIENCIA GENERAL | E19: 75
B20: PUNTAJE POR EXPERIENCIA ESPECÍFICA | E20: 75
B21: TOTAL PUNTAJE | E21: =SUM(E19:E20) -> 150
A22: RESIDENTE DE INTERVENTORÍA | B22: NOMBRE: | E22: CESAR AUGUSTO ARCIA LAFONT
B23: Carta de compromiso (100% dedicación) | C23: X | E23: CUMPLE
B24: Hoja de vida | C24: X | E24: CUMPLE
B25: Poseer título como ingeniero Civil | C25: X | E25: Ingeniero Civil de la Universidad de Cartagena
B26: Matricula profesional | C26: X | E26: MP. No 13202-091334 de fecha 18/04/2002
B27: Certificado de vigencia | C27: X | E27: Aporta certificado de fecha 20/11/2024. No tiene antecedentes disciplinarios ético - profesionales.
B28: Experiencia general minima de 5 años | C28: X | E28: 12,5 años
B29: Título de Postgrado: N.A. | E29: N.A.
B30: Experiencia específica: Como Ingeniero residente en contratos de interventoría de obras para el control de erosión y/o inundaciones y/o estabilización de cauces de agua. | C30: X | E30: 1. Certificado otorgado por el Muncipio de Cereté donde se indica que el profesional prestó sus servicios como Residente de Interventoría al proyecto "IINTERVENTORÍA TÉCNICA, ADMINISTRATIVA, FINANCIERA Y AMBIENTAL AL CONTRATO DE CONSTRUCCIÓN DE OBRAS 192-008 DE PROTECCIÓN CONTRA LA EROSIÓN EN EL CASERÍO LAS MARÍAS SOBRE LA MARGEN DERECHA DEL RÍO SINÚ, MUNICIPIO DE CERETÉ- DEPARTAMENTO DE CÓRDOBA”. (%Dedicación: NR) - Fecha de inicio: 08/09/2008 - Fecha de finalización:07/05/2010 -CUMPLE 2. Certificado otorgado por el municipio de pueblo nuevo donde se indica que el profesional prestó sus servicios como Residente de Interventoría al proyecto ”IINTERVENTORÍA TÉCNICA, ADMINISTRATIVA, FINANCIERA, CONTABLE Y JURÍDICA AL CONTRATO DE OBRAS QUE TIENE POR OBJETO "LA CONSTRUCCION DE OBRAS PROVISIONALES PARA EL CONTROL TRANSITORIO DE LA EROSION y LA MITIGACION DE LA INUNDACION EN EL MUNICIPIO DE PUEBLO NUEVO DEPARTAMENTO DE CORDOBA" (%Dedicación: NR) - Fecha de inicio: 20/11/2012 - Fecha de finalización:04/05/2013 - CUMPLE 3. Certificado otorgado por CVS donde se indica que el profesional prestó sus servicios como Residente de Interventoría al proyecto IINTERVENTORIA TECNICA A LA CONSTRUCCIÓN DE CANALES EN EL DEPARTAMENTO DE CÓRDOBA.. (%Dedicación: NR) - Fecha de inicio: 03/08/2010 - Fecha de finalización: 23/03/2012 - CUMPLE
B32: La Certificación deberá acompañarse del contrato laboral o de prestación de servicios suscrito entre la empresa, entidad o persona que certifica y el profesional propuesto. | C32: X | E32: 1. Aporta certificación del municipio de Cereté 2. Aporta certificación del municipio de pueblo nuevo 3. Aporta certificación del municipio de CVS
B34: =A22 -> RESIDENTE DE INTERVENTORÍA | E34: CUMPLE
B35: PUNTAJE POR EXPERIENCIA GENERAL | E35: 45
B36: PUNTAJE POR EXPERIENCIA ESPECÍFICA | E36: 45
B37: TOTAL PUNTAJE | E37: =SUM(E35:E36) -> 90
A38: ESPECIALISTA EN HIDRÁULICA | B38: NOMBRE: | E38: DIANA EDITH CONTRERAS VARGAS
B39: Carta de compromiso (50% dedicación) | C39: X | E39: CUMPLE
B40: Hoja de vida | C40: X | E40: CUMPLE
B41: Poseer título como ingeniero civil | C41: X | E41: Ingeniera Civil de la Universidad Santo Tomás
B42: Matricula profesional | C42: X | E42: MP. No 15202-137987 de fecha 15/12/2006
B43: Certificado de vigencia | C43: X | E43: Aporta certificado de fecha 04 de agosto de 2024. No tiene antecedentes disciplinarios ético - profesionales.
B44: Experiencia general minima de 10 años | C44: X | E44: 17,6 años
B45: Poseer Título de postgrado a nivel mínimo especialización en Hidráulica y/o Ingeniería Civil con énfasis en Recurso Hídrico o Hidráulico y/o Especialista En Comportamiento y Conservación Del Recurso Hídrico y/o recursos hidráulicos y medio ambiente, con una antelación mínima de tres (3) años, contados a partir de la fecha de cierre. | C45: X | E45: Aporta título como especialista en comportamiento y conservación del recurso hídrico, de la Universidad Santo Tomás. De fecha 14 de diciembre de 2007.
B46: Experiencia específica: Como especialista en hidráulica en contratos de interventoría obras para el control de erosión y/o inundaciones y/o estabilización de cauces de agua. | C46: X | E46: 1. Certificado otorgado por la Corporación Autónoma Regional para la Defensa de la Meseta de Bucaramanga donde se indica que el profesional prestó sus servicios como asesor hidráulico al proyecto INTERVENTORIA TÉCNICA, ADMINISTRATIVA, FINANCIERA Y AMBIENTAL A LAS OBRAS PARA LA ATENCIÓN DE LA EMERGENCIA GENERADA POR EL EVENTO A VENIDA TORRENCIAL EN LA CUENCA DE ORO ALTO Y CHICAMOCHA PARA LA MITIGACIÓN DE LA AMENAZA POR DESBORDAMIENTO E INUNDACIÓN EN EL MUNICIPIO DE PIEDECUESTA, SANTANDER.". (%Dedicación: N.R) - Fecha de inicio: 20/03/2020 - Fecha de finalización: 19/08/2020 - CUMPLE 2. Certificado otorgado por CONINARQ SAS donde se indica que el profesional prestó sus servicios como especialista hidráulico al proyecto ”INTERVENTORIA TECNICA, ADMINISTRATIVA, FINANCIERA CONTABLE Y JURIDICA AL CONTRATO QUE TIENE POR OBJETO “CONSTRUCCIÓN DE OBRA DE DRENAJE TRANSVERSAL SOBRE EL ARROYO LOS LORANOS EN LA VÍA QUE COMUNICA A CIENAGUITA CON PATIO BONITO, ZONA RURAL DEL MUNICIPIO DE SAN CARLOS, CÓRDOBA" (Dedicación: 100%) - Fecha de inicio: 25/04/2023 - Fecha de finalización: 25/06/2023 - CUMPLE 3. Certificado otorgado por Consorcio Intermalpaso donde se indica que el profesional prestó sus servicios como asesor hidráulico al proyecto ”INTERVENTORÍA PARA LA CONSTRUCCION DE MURO DE PROTECCION EN EL MARGEN DERECHA DEL RIO FRIO EN EL SECTOR DE SAN JORGE MUNICIPIO DE GIRON SANTANDER" (%Dedicación: 30%) - Fecha de inicio: 01/03/2018 - Fecha de finalización: 30/06/2018 - CUMPLE
B48: La Certificación deberá acompañarse del contrato laboral o de prestación de servicios suscrito entre la empresa, entidad o persona que certifica y el profesional propuesto. | C48: X | E48: 1. Aporta certicado de la CAR CDMB 2. Aporta contrato entre CONINARQ SAS y el profesional. 3. Aporta contrato entre Consorcio Intermalpaso y el profesional.
B50: =A38 -> ESPECIALISTA EN HIDRÁULICA | E50: CUMPLE
B51: PUNTAJE POR EXPERIENCIA GENERAL | E51: 45
B52: PUNTAJE POR EXPERIENCIA ESPECÍFICA | E52: 45
B53: TOTAL PUNTAJE | E53: =SUM(E51:E52) -> 90
A54: ESPECIALISTA AMBIENTAL O ECOSISTÉMICO | B54: NOMBRE: | E54: NELSON OSWALDO CARDENAS CALDERON
B55: Carta de compromiso (50% dedicación) | C55: X | E55: CUMPLE
B56: Hoja de vida | C56: X | E56: CUMPLE
B57: Poseer título como ingeniero ambiental y/o ingeniero civil y/o Ingeniero Sanitario y Ambiental | C57: X | E57: Ingeniera Ambiental de la Universidad del Bosque
B58: Matricula profesional | C58: X | E58: MP No 25238-133248 de fecha 27/07/2006
B59: Certificado de vigencia | C59: X | E59: Aporta certificado de fecha 27/11/2024. No tiene antecedentes disciplinarios ético - profesionales.
B60: Experiencia general minima de 10 años | C60: X | E60: 18 años
B61: Poseer título de postgrado a nivel mínimo especialización en ingeniería ambiental y/o ingeniería ecosistémica y/o Ingeniería Ambiental y Sanitaria y/o Gerencia Ambiental y/o Gestión Ambiental y/o aguas y saneamiento ambiental, con una antelación mínima de cinco (05) años, contados a partir de la fecha de cierre. | C61: X | E61: Aporta título como especialista gestión social y ambiental, de la UDCA. De fecha 10/12/02017
B62: Experiencia específica: Como especialista ambiental en contratos de Interventoría a proyectos de obras para el control de erosión y/o inundaciones y/o estabilización de cauces de agua. | C62: X | E62: 1. Certificado otorgado por CONSORCIO INTER LA HERRERA donde se indica que el profesional prestó sus servicios como especialista ambiental al proyecto ”INTERVENTORÍA, TÉCNICA, ADMINISTRATIVA, FINANCIERA Y AMBIENTAL A LA IMPLEMENTACIÓN DEL PLAN DE RESTAURACIÓN DEL HUMEDAL LAGUNA LA HERRERA EN EL MARCO DE LA CUENCA DEL RIO BOGOTÁ, JURISDICCIÓN CAR, DENOMINADA “EJECUCIÓN DE OBRAS PARA LA RECUPERACIÓN DE LA CAPACIDAD HIDRÁULICA DE LA LAGUNA HERRERA FASE I (%Dedicación: 20%) - Fecha de inicio: 23/10/2023- Fecha de finalización: 23/05/2024 - CUMPLE 2. Certificado otorgado por el CONINARG SAS donde se indica que el profesional prestó sus servicios como especialista ambiental al proyecto ”IINTERVENTORIA TECNICA, ADMINISTRATIVA, FINANCIERA CONTABLE Y JURIDICA AL CONTRATO QUE TIENE POR OBJETO “CONSTRUCCIÓN DE OBRA DE DRENAJE TRANSVERSAL SOBRE EL ARROYO LOS LORANOS EN LA VÍA QUE COMUNICA A CIENAGUITA CON PATIO BONITO, ZONA RURAL DEL MUNICIPIO DE SAN CARLOS, CÓRDOBA (%Dedicación: 20%.) - Fecha de inicio: 25/04/2023 - Fecha de finalización: 25/06/2023 - CUMPLE 3. Certificado otorgado por el CONSORCIO INTERVENTORÍA CANALES 2022 donde se indica que el profesional prestó sus servicios como profesional social al proyecto ”IINTERVENTORIA TECNICA, ADMINISTRATIVA, FINANCIERA, LEGAL Y AMBIENTAL DEL PROYECTO "OPTIMIZACIÓN HIDRÁULICA Y RECUPERACIÓN AMBIENTAL DEL ARROYO TREMENTINO LOCALIZADO EN LOS MUNICIPIOS DE MONTERÍA Y SAN CARLOS, DEPARTAMENTO DE CÓRDOBA (Dedicación: 30%) - Fecha de inicio: 20/12/2022 - Fecha de finalización: 20/05/2023 - CUMPLE
B64: La Certificación deberá acompañarse del contrato laboral o de prestación de servicios suscrito entre la empresa, entidad o persona que certifica y el profesional propuesto. | C64: X | E64: 1. Aporta contrato entre CONSORCIO INTER LA HERRERA y el profesional. 2. Aporta contrato entre CONSORCIO INTER LA HERRERA y el profesional. 3. Aporta contrato entre CONINARG SAS y el profesional
B66: =A54 -> ESPECIALISTA AMBIENTAL O ECOSISTÉMICO | E66: CUMPLE
B67: PUNTAJE POR EXPERIENCIA GENERAL | E67: 45
B68: PUNTAJE POR EXPERIENCIA ESPECÍFICA | E68: 45
B69: TOTAL PUNTAJE | E69: =SUM(E67:E68) -> 90
A70: PROFESIONAL PARA EL ASEGURAMIENTO DE LA SALUD Y LA SEGURIDAD EN EL TRABAJO | B70: NOMBRE: | E70: CRISTYN ALEXANDRA ORTIZ RODRIGUEZ
B71: Carta de compromiso (50% dedicación) | C71: X | E71: CUMPLE
B72: Hoja de vida | C72: X | E72: CUMPLE
B73: Poseer título como ingeniero industrial o ingeniero de procesos | C73: X | E73: Ingeniero Industrial de la Universidad Distrital Fransico José de Caldas
B74: Matricula profesional | C74: X | E74: MP. No 25228-189042 de fecha 15/07/2010
B75: Certificado de vigencia | C75: X | E75: Aporta certificado de fecha 24/11/2024. No tiene antecedentes disciplinarios ético - profesionales.
B76: Experiencia general minima de 10 años | C76: X | E76: 14 años
B77: Poseer título de postgrado a nivel mínimo especialización en sistemas integrados de gestión y/o sistemas de gestión de seguridad y salud en el trabajo y/o Seguridad Industrial y/o Salud Ocupacional y/o Higiene y Seguridad Industrial y/o Seguridad, Higiene y Salud En El Trabajo y/o en gestión integrada QHSE, con una antelación mínima de tres (3) años, contados a partir de la fecha de cierre. | C77: X | E77: Aporta título como especialista en gerencia en riesgos laborales, seguridad y salud en el trabajo, de la Uniminuto. LA FECHA DEL DIPLOMA ES ILEGIBLE. NO SUBSANO CORRECTAMENTE
B78: Experiencia específica: Como profesional especialista en sistemas integrados de gestión o sistemas de gestión de seguridad y salud en el trabajo en contratos de Interventoría a proyectos de obras para el control de erosión y/o inundaciones y/o estabilización de cauces de agua. | C78: X | E78: 1. Certificado otorgado por Consorcio Hidráulico GB donde se indica que el profesional prestó sus servicios como profesional SISO al proyecto ” INTERVENTORÍA TÉCNICA, ADMINISTRATIVA, FINANCIERA, JURÍDICA Y AMBIENTAL A LA CONSTRUCCIÓN DE CANALES DE DRENAJE DE AGUAS LLUVIAS EN LOS BARRIOS VILLA MELISSA, ROSALES DE TACASUAN, NUEVO BOSQUE Y PRIMERA ETAPA DEL CANAL GARZONES Y, CONSTRUCCIÓN DE DRENAJE PLUVIAL POR MEDIO DE CUNETAS EN LOS BARRIOS LA ESPERANZA, EL CEIBAL Y LA PALMA (SECTOR 25 DE MARZO) EN EL MUNICIPIO DE MONTERÍA, DEPARTAMENTO DE CÓRDOBA”." (%Dedicación: NR) - Fecha de inicio: 18/02/2019 - Fecha de finalización: 18/09/2019 - CUMPLE 2. Certificado otorgado por CONINARQ SAS donde se indica que el profesional prestó sus servicios como profesional SG-SST al proyecto ”IINTERVENTORIA TECNICA, ADMINISTRATIVA,FINANCIERA CONTABLE Y JURIDICA AL CONTRATO QUE TIENE POR OBJETO “CONSTRUCCIÓN DE OBRA DE DRENAJE TRANSVERSAL SOBRE EL ARROYO LOS LORANOS EN LA VÍA QUE COMUNICA A CIENAGUITA CON PATIO BONITO, ZONA RURAL DEL MUNICIPIO DE SAN CARLOS, CÓRDOBA" (Dedicación: 100%) - Fecha de inicio: 25/04/2023 - Fecha de finalización: 25/06/2023 - CUMPLE 3. Certificado otorgado por Consorcio INTER LA HERRERA donde se indica que el profesional prestó sus servicios como profesional especialista en higiene y seguridad industrial al proyecto ”INTERVENTORÍA, TÉCNICA, ADMINISTRATIVA, FINANCIERA Y AMBIENTAL A LA IMPLEMENTACIÓN DEL PLAN DE RESTAURACIÓN DEL HUMEDAL LAGUNA LA HERRERA EN EL MARCO DE LA CUENCA DEL RIO BOGOTÁ, JURISDICCIÓN CAR, DENOMINADA “EJECUCIÓN DE OBRAS PARA LA RECUPERACIÓN DE LA CAPACIDAD HIDRÁULICA DE LA LAGUNA HERRERA FASE I." (Dedicación: 20%) - Fecha de inicio: 01/09/2023 - Fecha de finalización: 31/12/2023 - CUMPLE
B80: La Certificación deberá acompañarse del contrato laboral o de prestación de servicios suscrito entre la empresa, entidad o persona que certifica y el profesional propuesto. | C80: X | E80: 1. Aporta contrato entre Consorcio Hidráulico GB y el profesional. 2. Aporta contrato entre CONINARQ SAS y el profesional. 3. Aporta contrato entre INTER LA HERRERA y el profesional.
B82: =A70 -> PROFESIONAL PARA EL ASEGURAMIENTO DE LA SALUD Y LA SEGURIDAD EN EL TRABAJO | E82: NO CUMPLE
B83: PUNTAJE POR EXPERIENCIA GENERAL
B84: PUNTAJE POR EXPERIENCIA ESPECÍFICA
B85: TOTAL PUNTAJE | E85: =SUM(E83:E84) -> 0
A86: PROFESIONAL SOCIAL | B86: NOMBRE: | E86: SANDRA JANETH RODRÍGUEZ ÁLVAREZ
B87: Carta de compromiso (100% dedicación) | C87: X | E87: CUMPLE
B88: Hoja de vida | C88: X | E88: CUMPLE
B89: Poseer título como Trabajador social, comunicador social o psicólogo | C89: X | E89: Trabajadora Social del Colegio Mayor de Cundinamarca
B90: Matricula profesional | C90: X | E90: RP. No 52077469 de fecha 23/08/1995
B91: Certificado de vigencia | C91: X | E91: Aporta certificado de fecha 24/11/2024. No tiene antecedentes disciplinarios ético - profesionales.
B92: Experiencia general minima de 5 años | C92: X | E92: 39 años
B93: Título de Postgrado: N.A. | E93: N.A.
B94: Experiencia específica: Como profesional social en contratos de Interventoría a proyectos de obras para el control de erosión y/o inundaciones y/o estabilización de cauces de agua. | C94: X | E94: 1. Certificado otorgado por CAR donde se indica que el profesional prestó sus servicios como profesional social al proyecto ”interventoria técnica administrativa financiera y ambiental para la ejecución de obras de adecuación hidraulica en la fuente hidraulica rio neusa perteneciente a la jurisdicción car" (Dedicación: 100%) - Fecha de inicio: 06/02/2016 - Fecha de finalización: 22/08/2016 - CUMPLE 2. Certificado otorgado por CAR donde se indica que el profesional prestó sus servicios como profesional social al proyecto ”INTERVENTORÍA TÉCNICA, ADMINISTRATIVA, FINANCIERA Y AMBIENTAL PARA EL CONTRA TO CUYO OBJETO CORRESPONDE A CONSTRUCCIÓN DE OBRAS PARA LA RECUPERACIÓN Y AMPLIACIÓN DE LA CAPACIDAD HIDRÁULICA DEL RÍO TEUSACÁ PERTENECIENTE A LA CUENCA DEL RÍO BOGOTÁ " (Dedicación: NR%) - Fecha de inicio: 03/02/2020 - Fecha de finalización: 04/06/2020 - CUMPLE 2. Certificado otorgado por LA CAR donde se indica que el profesional prestó sus servicios como profesional social al proyecto ”NTERVENTORÍA TÉCNICA, ADMINISTRATIVA, FINANCIERA Y AMBIENTAL PARA EL CONTRATO CUYO OBJETO CORRESPONDE A EJECUCIÓN DE OBRAS DE ADECUACIÓN HIDRÁULICA EN LA FUENTE HÍDRICA DENOMINADA RÍO SUTA EN LA JURISDICCIÓN CAR" (Dedicación: NR%) - Fecha de inicio: 10/06/2020 - Fecha de finalización: 14/07/2020 - CUMPLE
B96: La Certificación deberá acompañarse del contrato laboral o de prestación de servicios suscrito entre la empresa, entidad o persona que certifica y el profesional propuesto. | C96: X | E96: 1. Aporta certicado de la CAR 2. Aporta certicado de la CAR 3. Aporta certicado de la CAR
B98: =A86 -> PROFESIONAL SOCIAL | E98: CUMPLE
B99: PUNTAJE POR EXPERIENCIA GENERAL | E99: 45
B100: PUNTAJE POR EXPERIENCIA ESPECÍFICA | E100: 45
B101: TOTAL PUNTAJE | E101: =SUM(E99:E100) -> 90
A102: TOTAL PUNTAJE PROFESIONALES | E102: =E21+E37+E69+E53+E85+E101 -> 510

Sheet Revisión Económic
B2: CORPORACIÓN AUTÓNOMA REGIONAL DE LOS VALLES DEL SINÚ Y DEL SAN JORGE - CVS
B4: ='CAPACIDAD JURÍDICA'!B1 -> INTERVENTORIA TECNICA, ADMINISTRATIVA, FINANCIERA, LEGAL Y AMBIENTAL DEL PROYECTO “RECUPERACIÓN ECOSISTÉMICA CON ÉNFASIS EN CONECTIVIDAD HIDROLÓGICA DE UN TRAMO DEL CAÑO AGUAS PRIETAS LOCALIZADO ENTRE LA VEREDA EL SALADO DEL CORREGIMIENTO EL SIGLO Y LA VEREDA EL HIGAL DEL CORREGIMIENTO PUNTA YANEZ, DEL MUNICIPIO DE CIÉNAGA DE ORO, DEPARTAMENTO DE CÓRDOBA”
B6: REVISIÓN ECONÓMICA
B7: ='CAPACIDAD JURÍDICA'!B2 -> PROPONENTE: CONINARQ SAS
B9: COSTO DE PERSONAL
B10: DESCRIPCIÓN | C10: CANTIDAD | D10: DEDICACIÓN MENSUAL | E10: No. DE MESES | F10: VR. MES | G10: VR. TOTAL
B11: Director de Interventoría | C11: 1 | D11: 0.3 | E11: 10 | F11: 5000000 | G11: =ROUND(C11*D11*E11*F11,0) -> 15000000
B12: Especialista en Hidraulica | C12: 1 | D12: 0.5 | E12: =+E11 -> 10 | F12: 4500000 | G12: =ROUND(C12*D12*E12*F12,0) -> 22500000
B13: Especialista Ambiental o Ecosistemico | C13: 1 | D13: 0.5 | E13: =+E12 -> 10 | F13: 4500000 | G13: =ROUND(C13*D13*E13*F13,0) -> 22500000
B14: Profesional en Gestión Social | C14: 1 | D14: 0.5 | E14: =+E15 -> 10 | F14: 3600000 | G14: =ROUND(C14*D14*E14*F14,0) -> 18000000
B15: Profesional para el aseguramiento de la salud y la seguridad en el trabajo | C15: 1 | D15: 0.5 | E15: =+E12 -> 10 | F15: 3600000 | G15: =ROUND(C15*D15*E15*F15,0) -> 18000000
B16: Ingeniero Residente de interventoría | C16: 1 | D16: 1 | E16: =+E14 -> 10 | F16: 3600000 | G16: =ROUND(C16*D16*E16*F16,0) -> 36000000
B17: Topógrafo | C17: 1 | D17: 1 | E17: =+E16 -> 10 | F17: 3000000 | G17: =ROUND(C17*D17*E17*F17,0) -> 30000000
B18: COSTO DE PERSONAL | G18: =SUM(G11:G17) -> 162000000
B19: FACTOR MULTIPLICADOR | G19: 2.52
B20: A. SUBTOTAL COSTO DE PERSONAL | G20: =ROUND(G18*G19,0) -> 408240000
B22: COSTOS OPERATIVOS
B23: CONCEPTO | C23: CANTIDAD | D23: ASIGNACION MENSUAL | E23: No. DE MESES | F23: VR. MES | G23: VR. TOTAL
B24: Alquiler de equipo de topografía | C24: 1 | D24: 1 | E24: =+E11 -> 10 | F24: 1980000 | G24: =C24*D24*E24*F24 -> 19800000
B25: B. SUBTOTAL COSTOS OPERATIVOS | G25: =SUM(G24) -> 19800000
B27: C. SUBTOTAL COSTO DIRECTO DE INTERVENTORIA (A + B) | G27: =G20+G25 -> 428040000
B28: D. IVA (19%) | G28: =ROUND(G27*0.19,0) -> 81327600
B30: COSTO TOTAL INTERVENTORIA (C + D) | G30: =SUM(G27:G28) -> 509367600
B32: Valor Oferta Económica Proponente | G32: =G30 -> 509367600
B33: Valor (Corrección Económica) | G33: =G32 -> 509367600

Sheet Puntaje
A1: ='CAPACIDAD JURÍDICA'!$A$1 -> CONCURSO DE MÉRITOS ABIERTO 012-2024
A2: ='CAPACIDAD JURÍDICA'!$B$1 -> INTERVENTORIA TECNICA, ADMINISTRATIVA, FINANCIERA, LEGAL Y AMBIENTAL DEL PROYECTO “RECUPERACIÓN ECOSISTÉMICA CON ÉNFASIS EN CONECTIVIDAD HIDROLÓGICA DE UN TRAMO DEL CAÑO AGUAS PRIETAS LOCALIZADO ENTRE LA VEREDA EL SALADO DEL CORREGIMIENTO EL SIGLO Y LA VEREDA EL HIGAL DEL CORREGIMIENTO PUNTA YANEZ, DEL MUNICIPIO DE CIÉNAGA DE ORO, DEPARTAMENTO DE CÓRDOBA”
A3: ='CAPACIDAD JURÍDICA'!$B$2 -> PROPONENTE: CONINARQ SAS
A5: CRITERIO DE EVALUACIÓN | B5: PUNTAJE | C5: Observación
A6: EXPERIENCIA ESPECÍFICA DEL PROPONENTE | B6: ='Experiencia Esp. Prop FA-6'!M10 -> 289.75
A7: EQUIPO PROFESIONAL PROPUESTO PARA CALIFICACIÓN | B7: ='Exp. Profes FA-7'!E102 -> 510
A8: APOYO A LA INDUSTRIA NACIONAL | B8: 100
A9: PERSONAL EN CONDICION DE DISCAPACIDAD | B9: 10
A10: EMPRENDIMIENTO Y EMPRESAS DE MUJERES - DECRETO 1860 DE 2021 | B10: 0.25
A11: TOTAL | B11: =SUM(B6:B10) -> 910
